[ AOE2 MATCH · #495269284 ]
UnrankedGurjaras vs Koreans
Player's team · WIN
Rival team · LOSS
[ REPLAY ANALYSIS · EXTRACTED FROM THE RECORDED GAME ]
Feudal
8:26
Castle
16:40
Imperial
37:23
| APM avg | 68.1 |
| APM peak | 128 |
| eAPM avg | 36.6 |
| Villagers / military | 168 / 124 |
Focus
⚔️ 29.4% · 🌾 70.6%
Skirmisher ×70 · Monk ×20 · Hand Cannoneer ×15 · Bombard Cannon ×10 · Archer ×4 · Trebuchet (Packed) ×4
Feudal
10:56
Castle
15:00
Imperial
38:55
| APM avg | 49.7 |
| APM peak | 81 |
| eAPM avg | 24.1 |
| Villagers / military | 155 / 77 |
Focus
⚔️ 41.9% · 🌾 58.1%
War Wagon ×60 · Fire Lancer ×5 · Trebuchet (Packed) ×4 · Monk ×3 · Bombard Cannon ×3 · Iron Pagoda ×2
Match map
Initial resources + every placement click. Lines = walls · curves = elevation contours. ◆ gold · ⬟ stone · ● berries · ✦ relic · ◌ wall gap
Your base· Open — opponent sealed themselves in
buddybadi's base· ✓ Closed at 15:00 · 43t walls · no gate
Smoothed initial terrain · ◌ = detected wall gap · hover for details
Inputs per minute
— 云闲 - - buddybadi
Build order — 云闲
First 150 of 495 actions detected
| 0:00 | Queue | Villager (Male) |
| 0:01 | Queue | Villager (Male) |
| 0:01 | Queue | Villager (Male) |
| 0:01 | Queue | Villager (Male) |
| 0:02 | Build | House |
| 0:03 | Build | House |
| 1:03 | Build | Mill |
| 1:33 | Queue | Villager (Male) |
| 1:33 | Queue | Villager (Male) |
| 2:05 | Queue | Villager (Male) |
| 2:21 | Queue | Villager (Male) |
| 2:52 | Queue | Villager (Male) |
| 2:52 | Queue | Villager (Male) |
| 2:55 | Queue | Villager (Male) |
| 2:55 | Queue | Villager (Male) |
| 3:13 | Build | House |
| 3:42 | Queue | Villager (Male) |
| 3:43 | Queue | Villager (Male) |
| 3:43 | Queue | Villager (Male) |
| 4:17 | Queue | Villager (Male) |
| 4:30 | Queue | Villager (Male) |
| 4:30 | Queue | Villager (Male) |
| 4:36 | Queue | Villager (Male) |
| 4:40 | Queue | Villager (Male) |
| 4:40 | Queue | Villager (Male) |
| 5:05 | Build | Lumber Camp |
| 5:08 | Research | Loom |
| 5:08 | Research | Loom |
| 5:59 | Research | Feudal Age |
| 5:59 | Research | Feudal Age |
| 6:56 | Build | House |
| 7:42 | Queue | Villager (Male) |
| 7:47 | Build | Barracks |
| 8:26 | Age | Feudal Age |
| 8:31 | Research | Horse Collar |
| 8:31 | Research | Double-Bit Axe |
| 8:35 | Queue | Villager (Male) |
| 8:51 | Build | Farm |
| 8:53 | Build | Farm |
| 8:59 | Build | House |
| 9:00 | Queue | Villager (Male) |
| 9:06 | Build | Farm |
| 9:16 | Queue | Villager (Male) |
| 9:37 | Queue | Villager (Male) |
| 9:47 | Queue | Villager (Male) |
| 9:48 | Build | Farm |
| 9:50 | Build | Farm |
| 9:55 | Build | Farm |
| 10:03 | Build | Farm |
| 10:10 | Build | Farm |
| 10:12 | Queue | Villager (Male) |
| 10:32 | Queue | Villager (Male) |
| 10:36 | Build | Mining Camp |
| 10:42 | Queue | Villager (Male) |
| 11:22 | Build | Archery Range |
| 11:28 | Queue | Villager (Male) |
| 11:45 | Build | House |
| 11:57 | Queue | Villager (Male) |
| 12:18 | Build | Blacksmith |
| 12:23 | Queue | Villager (Male) |
| 12:34 | Queue | Archer |
| 12:38 | Queue | Spearman |
| 13:03 | Build | Farm |
| 13:05 | Build | House |
| 13:35 | Build | Farm |
| 13:47 | Queue | Archer |
| 14:00 | Research | Castle Age |
| 14:01 | Research | Castle Age |
| 14:24 | Queue | Archer |
| 15:04 | Queue | Archer |
| 15:15 | Queue | Skirmisher |
| 15:18 | Research | Fletching |
| 15:18 | Research | Fletching |
| 15:18 | Research | Padded Archer Armor |
| 15:18 | Research | Padded Archer Armor |
| 15:20 | Queue | Skirmisher |
| 15:33 | Build | House |
| 15:34 | Build | House |
| 15:34 | Build | House |
| 15:35 | Build | House |
| 15:48 | Research | Town Watch |
| 15:48 | Research | Town Watch |
| 16:00 | Queue | Skirmisher |
| 16:13 | Queue | Skirmisher |
| 16:20 | Research | Gold Mining |
| 16:40 | Age | Castle Age |
| 16:42 | Build | Monastery |
| 16:56 | Build | Monastery |
| 16:58 | Queue | Villager (Male) |
| 17:07 | Queue | Villager (Male) |
| 17:13 | Research | Bow Saw |
| 17:14 | Research | Bow Saw |
| 17:20 | Queue | Villager (Male) |
| 17:23 | Queue | Monk |
| 17:35 | Queue | Monk |
| 17:36 | Research | Sanctity |
| 17:43 | Queue | Villager (Male) |
| 17:55 | Build | House |
| 18:04 | Queue | Villager (Male) |
| 18:33 | Queue | Villager (Male) |
| 18:48 | Queue | Villager (Male) |
| 18:56 | Build | Town Center |
| 18:59 | Queue | Monk |
| 19:30 | Queue | Monk |
| 19:31 | Queue | Monk |
| 19:55 | Queue | Villager (Male) |
| 20:01 | Queue | Villager (Male) |
| 20:07 | Queue | Villager (Male) |
| 20:10 | Queue | Monk |
| 20:20 | Queue | Villager (Male) |
| 20:23 | Build | Town Center |
| 20:28 | Queue | Monk |
| 20:28 | Queue | Monk |
| 20:30 | Queue | Villager (Male) |
| 20:34 | Build | House |
| 20:34 | Build | House |
| 20:36 | Build | House |
| 20:38 | Queue | Villager (Male) |
| 20:43 | Queue | Villager (Male) |
| 20:49 | Queue | Villager (Male) |
| 21:00 | Queue | Villager (Male) |
| 21:03 | Queue | Villager (Male) |
| 21:10 | Build | House |
| 21:13 | Queue | Villager (Male) |
| 21:22 | Queue | Monk |
| 21:22 | Queue | Monk |
| 21:24 | Queue | Villager (Male) |
| 21:31 | Queue | Villager (Male) |
| 21:35 | Queue | Villager (Male) |
| 21:40 | Queue | Monk |
| 21:45 | Queue | Villager (Male) |
| 22:02 | Queue | Villager (Male) |
| 22:06 | Queue | Villager (Male) |
| 22:18 | Queue | Villager (Male) |
| 22:32 | Queue | Villager (Male) |
| 22:34 | Queue | Villager (Male) |
| 22:37 | Queue | Villager (Male) |
| 22:38 | Queue | Monk |
| 22:43 | Build | Farm |
| 22:43 | Build | Farm |
| 22:43 | Build | Farm |
| 22:44 | Build | Farm |
| 22:44 | Build | Farm |
| 22:44 | Build | Farm |
| 22:44 | Build | Farm |
| 22:44 | Build | Farm |
| 22:49 | Build | Archery Range |
| 22:53 | Build | Farm |
| 22:53 | Build | Farm |
| 22:53 | Build | Farm |
Build order — buddybadi
First 150 of 422 actions detected
| 0:00 | Queue | Villager (Male) |
| 0:01 | Queue | Villager (Male) |
| 0:01 | Queue | Villager (Male) |
| 0:02 | Build | House |
| 0:04 | Build | House |
| 0:26 | Queue | Villager (Male) |
| 1:35 | Queue | Villager (Male) |
| 1:51 | Build | Lumber Camp |
| 2:06 | Queue | Villager (Male) |
| 2:15 | Queue | Villager (Male) |
| 2:16 | Queue | Villager (Male) |
| 2:49 | Queue | Villager (Male) |
| 3:04 | Queue | Villager (Male) |
| 3:29 | Build | House |
| 3:30 | Build | Palisade Wall |
| 3:37 | Queue | Villager (Male) |
| 3:54 | Queue | Villager (Male) |
| 3:56 | Build | Mill |
| 4:30 | Queue | Villager (Male) |
| 4:54 | Queue | Villager (Male) |
| 5:14 | Build | House |
| 5:23 | Queue | Villager (Male) |
| 5:42 | Queue | Villager (Male) |
| 6:02 | Build | Palisade Wall |
| 6:05 | Queue | Villager (Male) |
| 6:09 | Build | House |
| 6:27 | Queue | Villager (Male) |
| 7:01 | Queue | Villager (Male) |
| 7:08 | Build | Palisade Wall |
| 7:18 | Queue | Villager (Male) |
| 7:38 | Build | Palisade Wall |
| 7:50 | Queue | Villager (Male) |
| 8:00 | Build | Mining Camp |
| 8:20 | Research | Loom |
| 8:40 | Research | Feudal Age |
| 8:51 | Build | Palisade Wall |
| 9:10 | Build | Palisade Wall |
| 9:11 | Build | Palisade Wall |
| 9:13 | Build | Palisade Wall |
| 9:16 | Build | Palisade Wall |
| 9:21 | Build | Palisade Wall |
| 9:23 | Build | Palisade Wall |
| 10:02 | Queue | Villager (Male) |
| 10:14 | Build | Palisade Wall |
| 10:24 | Build | House |
| 10:26 | Build | House |
| 10:31 | Build | Mining Camp |
| 10:35 | Queue | Villager (Male) |
| 10:56 | Age | Feudal Age |
| 11:04 | Build | Blacksmith |
| 11:13 | Build | Market |
| 11:47 | Queue | Villager (Male) |
| 12:20 | Research | Castle Age |
| 12:21 | Research | Castle Age |
| 12:54 | Build | Palisade Wall |
| 13:28 | Build | Farm |
| 13:38 | Build | Farm |
| 13:45 | Build | Palisade Wall |
| 13:47 | Build | Palisade Wall |
| 13:53 | Research | Double-Bit Axe |
| 14:40 | Build | Farm |
| 14:54 | Queue | Villager (Male) |
| 15:00 | Age | Castle Age |
| 15:04 | Build | Castle |
| 15:21 | Queue | Villager (Male) |
| 15:24 | Build | Farm |
| 15:29 | Build | Farm |
| 15:32 | Build | Farm |
| 15:34 | Build | Farm |
| 15:54 | Queue | Villager (Male) |
| 15:56 | Queue | War Wagon |
| 15:56 | Queue | War Wagon |
| 16:12 | Build | Farm |
| 16:17 | Queue | Villager (Male) |
| 16:22 | Build | Farm |
| 16:36 | Research | Fletching |
| 16:40 | Queue | War Wagon |
| 16:55 | Queue | Villager (Male) |
| 17:06 | Queue | War Wagon |
| 17:06 | Queue | War Wagon |
| 17:17 | Queue | Villager (Male) |
| 17:33 | Queue | War Wagon |
| 17:36 | Queue | Villager (Male) |
| 18:07 | Queue | War Wagon |
| 18:13 | Queue | Villager (Male) |
| 18:31 | Queue | Villager (Male) |
| 18:31 | Queue | Villager (Male) |
| 18:48 | Queue | War Wagon |
| 18:53 | Build | Monastery |
| 18:54 | Queue | Villager (Male) |
| 19:07 | Research | Bodkin Arrow |
| 19:08 | Research | Bodkin Arrow |
| 19:27 | Build | Farm |
| 19:28 | Queue | War Wagon |
| 19:41 | Queue | War Wagon |
| 19:50 | Queue | Villager (Male) |
| 20:04 | Build | House |
| 20:05 | Build | House |
| 20:19 | Queue | Villager (Male) |
| 20:21 | Research | Devotion |
| 20:28 | Queue | Villager (Male) |
| 20:31 | Build | Town Center |
| 20:52 | Queue | War Wagon |
| 20:53 | Queue | War Wagon |
| 21:06 | Queue | Villager (Male) |
| 21:08 | Queue | War Wagon |
| 21:40 | Queue | Villager (Male) |
| 21:40 | Queue | Villager (Male) |
| 21:46 | Queue | Villager (Male) |
| 21:46 | Queue | Villager (Male) |
| 22:02 | Queue | Villager (Male) |
| 22:03 | Queue | Villager (Male) |
| 22:13 | Queue | War Wagon |
| 22:14 | Queue | War Wagon |
| 22:21 | Queue | Villager (Male) |
| 22:21 | Queue | Villager (Male) |
| 22:38 | Queue | Villager (Male) |
| 22:39 | Build | Farm |
| 22:40 | Queue | Monk |
| 22:51 | Queue | Villager (Male) |
| 22:52 | Build | Farm |
| 22:52 | Build | Farm |
| 22:58 | Build | House |
| 22:59 | Build | House |
| 22:59 | Build | House |
| 23:00 | Queue | War Wagon |
| 23:00 | Queue | War Wagon |
| 23:03 | Build | Farm |
| 23:04 | Build | Farm |
| 23:06 | Build | Farm |
| 23:15 | Queue | Villager (Male) |
| 23:17 | Queue | War Wagon |
| 23:47 | Queue | Villager (Male) |
| 23:47 | Queue | Villager (Male) |
| 23:48 | Queue | War Wagon |
| 23:48 | Queue | War Wagon |
| 24:14 | Queue | War Wagon |
| 24:14 | Queue | War Wagon |
| 24:19 | Queue | Villager (Male) |
| 24:19 | Queue | Villager (Male) |
| 24:33 | Build | Farm |
| 24:34 | Build | Farm |
| 24:34 | Build | Farm |
| 24:35 | Build | Farm |
| 24:36 | Research | Bow Saw |
| 24:42 | Queue | War Wagon |
| 24:58 | Queue | Villager (Male) |
| 24:59 | Queue | Villager (Male) |
| 25:12 | Queue | War Wagon |
| 25:13 | Queue | War Wagon |
Match timeline
| 3:30 | buddybadi · wall_segment Palisade Wall x1 |
| 6:02 | buddybadi · wall_segment Palisade Wall x14 |
| 7:08 | buddybadi · wall_segment Palisade Wall x1 |
| 7:38 | buddybadi · wall_segment Palisade Wall x8 |
| 7:47 | 云闲 · first_building Barracks |
| 8:26 | 云闲 · age_up feudal |
| 8:51 | buddybadi · wall_segment Palisade Wall x6 |
| 9:10 | buddybadi · wall_segment Palisade Wall x1 |
| 9:11 | buddybadi · wall_segment Palisade Wall x1 |
| 9:13 | buddybadi · wall_segment Palisade Wall x3 |
| 9:16 | buddybadi · wall_segment Palisade Wall x1 |
| 9:21 | buddybadi · wall_segment Palisade Wall x2 |
| 9:23 | buddybadi · wall_segment Palisade Wall x1 |
| 10:14 | buddybadi · wall_segment Palisade Wall x1 |
| 10:56 | buddybadi · age_up feudal |
| 11:22 | 云闲 · first_building Archery Range |
| 12:54 | buddybadi · wall_segment Palisade Wall x1 |
| 13:45 | buddybadi · wall_segment Palisade Wall x1 |
| 13:47 | buddybadi · wall_segment Palisade Wall x1 |
| 15:00 | buddybadi · age_up castle |
| 15:04 | buddybadi · first_building Castle |
| 16:34 | buddybadi · first_market_buy 100 food |
| 16:40 | 云闲 · age_up castle |
| 16:42 | 云闲 · first_building Monastery |
| 18:53 | buddybadi · first_building Monastery |
| 26:36 | 云闲 · first_market_sell 100 wood |
| 27:55 | buddybadi · first_building Siege Workshop |
| 31:14 | 云闲 · first_market_buy 100 stone |
| 31:58 | 云闲 · first_building Castle |
| 32:41 | buddybadi · first_building Barracks |
| 35:28 | buddybadi · first_building Archery Range |
| 35:37 | buddybadi · first_market_sell 500 wood |
| 37:22 | 云闲 · first_building Stable |
| 37:23 | buddybadi · first_building Stable |
| 37:23 | 云闲 · age_up imperial |
| 38:55 | buddybadi · age_up imperial |
| 39:49 | 云闲 · first_building Siege Workshop |
| 43:59 | buddybadi · resign |
[ AI ANALYSIS · 1 CREDIT ]
What really happened in this match?
Wolo.gg analyzes every decision: build order, eco, micro, common mistakes by bracket. Personalized analysis on WhatsApp or Discord in 30 seconds.
Civ guide
Gurjaras
Perfil
Jugador #5902182